 Dungeon Crawl Stone Soup version 0.28-a0-1415-g7c84da036a (webtiles) character file.

Game seed: 4622681535428735004

93 backslashecho the Chopper (level 4, -6/41 HPs)
             Began as a Minotaur Cinder Acolyte on Jan 8, 2022.
             Was a High Priest of Ignis.
             Killed by nerve-wracking pain
             ... invoked by an orc priest
              (10 damage)
             ... on level 3 of the Dungeon.
             The game lasted 00:04:19 (2078 turns).

backslashecho the Chopper (Minotaur Cinder Acolyte) Turns: 2078, Time: 00:04:19

Health: -6/41      AC:  5    Str: 21    XL:     4   Next: 37%
Magic:  4/4        EV: 10    Int: 11    God:    Ignis [*****.]
Gold:   92         SH:  3    Dex:  5    Spells: 5/5 levels left

rFire   + . .      SeeInvis .   a - -1 hand axe (flame)
rCold   . . .      Faith    .   j - +0 buckler
rNeg    . . .      Spirit   .   d - +0 ring mail
rPois   +          Reflect  .   (helmet restricted)
rElec   .          Harm     .   (no cloak)
rCorr   .          Rampage  .   (no gloves)
Will    .....                   (no boots)
Stlth   ..........              (no amulet)
HPRegen 0.13/turn               b - ring of poison resistance
MPRegen 0.09/turn               (no ring)

@: no status effects
A: horns 2, retaliatory headbutt
a: Renounce Religion, Fiery Armour, Foxfire Swarm, Rising Flame


You were on level 3 of the Dungeon.
You worshipped Ignis.
Ignis was extremely pleased with you.
You visited 1 branch of the dungeon, and saw 3 of its levels.

You collected 92 gold pieces.

Inventory:

Hand Weapons
 a - a -1 hand axe of flaming (weapon)
 m - a +0 war axe
Armour
 d - a +0 ring mail (worn)
 j - a +0 buckler (worn)
Jewellery
 b - a ring of poison resistance (left hand)
Wands
 l - a wand of iceblast (9)
Scrolls
 c - a scroll of noise {unknown}
 f - 2 scrolls of identify {unknown}
 i - a scroll of enchant weapon {unknown}
 k - a scroll of teleportation {unknown}
Potions
 e - a potion of lignification {unknown}
 g - a potion of heal wounds {unknown}
 h - a potion of curing {unknown}
 n - a potion of magic {unknown}


   Skills:
 + Level 4.4 Fighting
 * Level 5.3 Axes
 + Level 1.3 Shields
 - Level 1.0 Unarmed Combat
 - Level 1.0 Spellcasting
 - Level 2.1 Fire Magic


You had 5 spell levels left.
You didn't know any spells.
Your spell library contained the following spells:

 Spells                   Type           Power      Damage    Failure   Level
 Scorch                   Fire           10%        2d5       41%         2
 Frozen Ramparts          Ice            0%         1d2       91%         3
 Ice Form                 Ice/Tmut       0%         N/A       100%        4
 Summon Ice Beast         Ice/Summ       0%         N/A       100%        4


Dungeon Overview and Level Annotations

Branches:
Dungeon (3/15)

Altars:


Innate Abilities, Weirdness & Mutations

You have a pair of horns on your head.
You reflexively headbutt those who attack you in melee.


Message History

Things that are here:
a +3 dagger; a goblin corpse An orc comes into view.
It is wielding a +0 club.
The orc shouts!
You hear a shout!
The orc moves out of view.
An orc priest comes into view. It is wielding a +0 whip.
An orc comes into view. It is wielding a +0 club.
The orc priest shouts!
The orc shouts!
The orc hits you with a +0 club.
* * * LOW HITPOINT WARNING * * *
You take 2 damage, and have 11/41 hp.
You barely miss the orc. The orc barely misses you.
Things that are here:
a +3 dagger; a goblin corpse You see here a jackal corpse.
You see here a jackal corpse.
You slash the worm! You burn the worm. You headbutt the worm!
The worm is almost dead.
You closely miss the orc. The orc hits you but does no damage. x2
You hit the worm but do no damage. Your headbutt misses the worm.
The worm is almost dead.
You hit the orc. You burn the orc.
The orc priest miscasts a cantrip.
The worm bites you!
* * * LOW HITPOINT WARNING * * *
The orc hits you but does no damage.
You take 8 damage, and have 4/41 hp.
You hit the worm but do no damage. Your headbutt misses the worm.
The worm is almost dead.
You closely miss the orc. The orc completely misses you.
You barely miss the worm.
The worm is almost dead.
You barely miss the orc. The worm bites you but does no damage.
The orc hits you but does no damage.
You hit the worm but do no damage.
The worm is severely wounded.
You closely miss the orc. You closely miss the orc priest.
The orc priest calls down the wrath of Beogh upon you.
Pain shoots through your body!
You die...

#....<..o..#
..####.#....###
########.###
#.#.##...# #.#
#.#.# ##.# #.##
######.#[### ..
#.o####
#..........# .
##.)..#
#..........#
####o###..........#
#oo##..........#
##@##....(.....#
#w##)...........
#..†)############
######


You could see a worm, an orc priest and 2 orcs.

Vanquished Creatures
  Ijyb (D:3)
  3 adders (D:2)
  A giant cockroach (D:2)
  8 goblins
  3 hobgoblins
  4 jackals (D:3)
  2 kobolds (D:3)
  2 quokkas
  3 ball pythons (D:1)
  4 bats
  2 frilled lizards (D:1)
  8 rats
41 creatures vanquished.

Vanquished Creatures (others)
  5 fungi (D:3)
  2 toadstools (D:3)
7 creatures vanquished.

Grand Total: 48 creatures vanquished

Notes
Turn   | Place    | Note
-------+----------+-------------------------------------------
     0 | D:1      | backslashecho the Minotaur Cinder Acolyte began the quest
                  | for the Orb.
     0 | D:1      | Reached XP level 1. HP: 19/19 MP: 1/1
   274 | D:1      | Reached skill level 4 in Axes
   288 | D:1      | Found a faded altar of an unknown god.
   318 | D:1      | Reached XP level 2. HP: 22/27 MP: 2/2
   953 | D:2      | Reached skill level 1 in Unarmed Combat
  1070 | D:2      | Reached XP level 3. HP: 32/33 MP: 3/3
  1899 | D:3      | Reached skill level 5 in Axes
  2001 | D:3      | Noticed Ijyb
  2019 | D:3      | Killed Ijyb
  2020 | D:3      | Reached skill level 1 in Shields
  2020 | D:3      | Reached XP level 4. HP: 11/41 MP: 4/4
  2078 | D:3      | Killed from afar by an orc priest

Illustrated notes

Levels and vault maps discovered:
D:1:      doesnt_arrival_eight_statues, layout_loops_ring,
          chequers_ecumenical_altar_simple
D:2:      layout_basic, corexii_leaking_fountain
D:3:      layout_rooms, ebering_ghost_sewer_d, minmay_gold_behind_fungi,
          uniq_ijyb

Skill      XL: |  1  2  3 |
---------------+----------+-----
Axes           | 4 5 |  5.3
Fighting       | 4 |  4.4
Unarmed Combat | 1 |  1.0
Shields        | 1 |  1.3
Spellcasting   | |  1.0
Fire Magic     | |  2.1

Action                   |  1- 3 |  4- 6 || total
-------------------------+-------+-------++-------
Melee: Hand axe          |   114 |     7 ||   121
       Headbutt          |    12 |     1 ||    13
       Punch             |     2 |       ||     2
Armor: Ring mail         |    55 |     5 ||    60
       Robe              |     1 |       ||     1
Dodge: Dodged            |    59 |     2 ||    61
Block: Buckler           |     6 |       ||     6

Table legend: (Time is in decaauts)
 A = Elapsed time spent in this place.
 B = Non-inter-level travel time spent in this place.
 C = Inter-level travel time spent in this place.
 D = Time resting spent in this place.
 E = Time spent auto-exploring this place.
 F = Levels seen in this place.
 G = Mean time per level.
                   A        B        C        D        E       F      G
               +--------+--------+--------+--------+--------+-----+--------+
         Total |   2092 |   2004 |     88 |    154 |   1436 |   3 |  697.3 |
       Dungeon |   2092 |   2004 |     88 |    154 |   1436 |   3 |  697.3 |
               +--------+--------+--------+--------+--------+-----+--------+

Top non-repeatable levels by time:
     D:1: 991 daAuts
     D:2: 899 daAuts
     D:3: 201 daAuts
